 Dungeon Crawl Stone Soup version 0.21.1-1-g345015fe64 (webtiles) character file.

92 PikkenKukken the Bolt Thrower (level 4, -3/37 HPs)
             Began as a Centaur Hunter on June 23, 2018.
             Slain by Grinder (6 damage)
             ... on level 3 of the Dungeon.
             The game lasted 00:08:47 (1977 turns).

PikkenKukken the Bolt Thrower (Centaur Hunter)      Turns: 1977, Time: 00:08:47

Health: -3/37      AC:  6    Str: 15    XL:     4   Next: 35%
Magic:  4/4        EV:  9    Int: 10    God:
Gold:   33         SH:  0    Dex: 10    Spells: 3/3 levels left

rFire    . . .     SeeInvis .   b - +0 rapier
rCold    . . .     Gourm    +   (no shield)
rNeg     . . .     Faith    .   c - +0 leather armour
rPois    .         Spirit   .   h - +1 helmet
rElec    .         Reflect  .   (no cloak)
rCorr    .         Harm     .   (no gloves)
MR       .....                  (no barding)
Stlth    +.........             i - amulet of the gourmand
HPRegen  0.12/turn              (no ring)
MPRegen  0.09/turn              (no ring)

@: about to teleport, very quick
A: large, hooves 3, deformed body, speed 2, tough skin 3
a: no special abilities


You were on level 3 of the Dungeon.
You were completely stuffed.

You visited 1 branch of the dungeon, and saw 3 of its levels.

You collected 33 gold pieces.

Inventory:

Hand Weapons
 a - a +1 hand crossbow
 b - a +0 rapier (weapon)
 m - a +0 short sword
Missiles
 d - 5 bolts
Armour
 c - a +0 leather armour (worn)
 h - a +1 helmet (worn)
Jewellery
 e - an uncursed ring of resist corrosion {unknown}
 i - an amulet of the gourmand (around neck)
Scrolls
 k - a scroll of magic mapping {unknown}
Potions
 l - a potion of heal wounds
Comestibles
 f - 4 rations


   Skills:
 + Level 2.6 Fighting
 + Level 0.9 Short Blades
 + Level 5.4 Crossbows
 + Level 0.9 Armour
 + Level 1.7 Dodging
 - Level 0.4 Stealth


You had 3 spell levels left.
You didn't know any spells.

Dungeon Overview and Level Annotations

Branches:
Dungeon (3/15)

Altars:
Dithmenos
Zin

Annotations:
D:2 Sigmund
D:3 Grinder


Innate Abilities, Weirdness & Mutations

You have hooves in place of feet.
Armour fits poorly on your strangely shaped body.
You cover ground very quickly.
You have extremely tough skin. (AC +3)


Message History

You barely resist.
Unknown command.
You closely miss Grinder. You kick Grinder.
Grinder is heavily wounded.
The kobold throws a stone.
The stone hits you. Grinder gestures at you.
You suddenly lose the ability to move!
Grinder hits you.
You writhe in agony.
* * * LOW HITPOINT WARNING * * *
You can move again.
You closely miss Grinder. Your kick misses Grinder.
Grinder is moderately wounded.
Grinder hits you.
* * * LOW HITPOINT WARNING * * *
You writhe in agony.
* * * LOW HITPOINT WARNING * * *
The kobold throws a stone.
The stone hits you but does no damage.
As you read the scroll of teleportation, it crumbles to dust.
You feel strangely unstable. Grinder hits you.
You die...

#.......... #..
#..########... .[.
####..### #..# #.####
#.......######..###....###
#.##.##.......... ....... #
#.##....###..###....
#.......# #..#....#
#.##...รท###..#.#..## #.
#..#...5@....K..#
#...........####.####......
.....##.###.##.....##.#....
#.### #.# #.#(......#.#....
#.# #.###.#.......#K. ..
#.# #.##......_...(. # #.#
#.....#.....%.#.# #.# ###
..#.......#.# #.# #.
#.....#


You could see Grinder and a kobold.

Vanquished Creatures
  3 adders (D:2)
  An ooze (D:3)
  2 dart slugs
  3 leopard geckos
  A ball python (D:2)
  7 bats
  8 goblins
  7 hobgoblins
  A quokka (D:2)
  3 frilled lizards
  9 kobolds
  8 rats
53 creatures vanquished.

Notes
Turn   | Place    | Note
-------+----------+-------------------------------------------
     0 | D:1      | PikkenKukken the Centaur Hunter began the quest for the Orb.
     0 | D:1      | Reached XP level 1. HP: 17/17 MP: 1/1
   171 | D:1      | Reached XP level 2. HP: 23/24 MP: 2/2
   268 | D:1      | Reached skill level 5 in Crossbows
   448 | D:1      | You fall through a shaft!
   599 | D:2      | Reached XP level 3. HP: 19/30 MP: 3/3
  1324 | D:2      | Found a glowing silver altar of Zin.
  1342 | D:2      | Reached XP level 4. HP: 37/37 MP: 4/4
  1392 | D:2      | Found a faded altar of an unknown god.
  1400 | D:2      | Noticed Sigmund
  1490 | D:3      | Noticed Grinder
  1521 | D:3      | Found a shadowy altar of Dithmenos.
  1532 | D:3      | Paralysed by Grinder for 5 turns
  1961 | D:3      | Paralysed by Grinder for 2 turns
  1969 | D:3      | Paralysed by Grinder for 2 turns
  1974 | D:3      | Paralysed by Grinder for 2 turns
  1977 | D:3      | Slain by Grinder

Skill      XL: |  1  2 |
---------------+-------+-----
Crossbows      | 5 |  5.4
Fighting       | |  2.6
Short Blades   | |  0.9
Armour         | |  0.9
Dodging        | |  1.7
Stealth        | |  0.4

Action                   |  1- 3 |  4- 6 || total
-------------------------+-------+-------++-------
Melee: Short sword       |    14 |       ||    14
       Rapier            |    39 |    39 ||    78
       Kick              |     7 |     4 ||    11
 Fire: Hand crossbow     |    73 |    12 ||    85
  Use: Potion            |     7 |     1 ||     8
       Scroll            |     3 |     2 ||     5
  Eat: Chunk             |     6 |     8 ||    14
Armor: Leather armour    |    31 |    26 ||    57
       Skin              |    43 |       ||    43
Dodge: Dodged            |    36 |    28 ||    64
